 Dungeon Crawl Stone Soup version 0.29-a0-384-g6960b1960d (webtiles) character file.

Game seed: 14097467063237877808

1859 Bruhh the Skirmisher (level 8, 0/67 HPs)
             Began as a Demonspawn Ice Elementalist on May 7, 2022.
             Slain by a steam dragon (5 damage)
             ... on level 6 of the Dungeon.
             The game lasted 00:15:30 (6286 turns).

Bruhh the Skirmisher (Demonspawn Ice Elementalist)  Turns: 6286, Time: 00:15:32

Health: 0/67       AC: 12    Str:  8    XL:     8   Next: 89%
Magic:  12/18      EV: 14    Int: 20    God:
Gold:   333        SH:  0    Dex: 13    Spells: 14/21 levels left

rFire   x . .      SeeInvis .   s - +3 long sword
rCold   + . .      Faith    .   (no shield)
rNeg    . . .      Spirit   .   a - +0 robe
rPois   .          Reflect  .   (helmet restricted)
rElec   .          Harm     .   m - +0 cloak
rCorr   .          Rampage  .   (no gloves)
Will    .....                   k - +0 pair of boots
Stlth   ++........              (no amulet)
HPRegen 0.21/turn               r - ring of ice
MPRegen 0.16/turn               (no ring)

@: mighty, ice-armoured, freezing walls
A: horns 1, repulsion field 1, spiny 1, condensation shield
a: no special abilities


You were on level 6 of the Dungeon.
You visited 1 branch of the dungeon, and saw 6 of its levels.

You collected 333 gold pieces.

Inventory:

Hand Weapons
 c - a +0 dagger
 s - a +3 long sword (weapon)
Armour
 a - a +0 robe (worn)
 k - a +0 pair of boots (worn)
 m - a +0 cloak (worn)
Jewellery
 r - a ring of ice (left hand)
 D - an amulet of reflection
 F - a ring of protection from fire
Wands
 t - a wand of polymorph (7)
Scrolls
 b - a scroll of immolation {unknown}
 d - 3 scrolls of brand weapon {unknown}
 e - a scroll of fear {unknown}
 f - 2 scrolls of poison {unknown}
 g - a scroll of fog {unknown}
 h - 7 scrolls of identify {unknown}
 i - 7 scrolls of noise {unknown}
 n - a scroll of silence {unknown}
 o - a scroll of enchant armour {unknown}
 v - a scroll of enchant weapon {unknown}
 y - 3 scrolls of teleportation {unknown}
 A - a scroll of vulnerability {unknown}
 B - a scroll of magic mapping {unknown}
 C - a scroll of blinking {unknown}
Potions
 j - a potion of attraction {unknown}
 l - a potion of lignification {unknown}
 p - a potion of cancellation {unknown}
 q - 2 potions of invisibility {unknown}
 u - 2 potions of curing {unknown}
 w - 2 potions of brilliance {unknown}
 z - a potion of flight {unknown}
 E - a potion of resistance {unknown}


   Skills:
 + Level 7.2 Fighting
 - Level 1.7 Dodging
 - Level 1.7 Stealth
 - Level 7.0 Spellcasting
 - Level 6.0 Ice Magic


You had 14 spell levels left.
You knew the following spells:

 Your Spells              Type           Power      Damage    Failure   Level
a - Freeze                Ice            100%       1d11      1%          1
b - Frozen Ramparts       Ice            92%        1d11      2%          3
c - Ozocubu's Armour      Ice            46%        N/A       2%          3

Your spell library contained the following spells:

 Spells                   Type           Power      Damage    Failure   Level
 Summon Small Mammal      Summ           28%        N/A       10%         1
 Hailstorm                Conj/Ice       28%        3d8       26%         4
 Call Canine Familiar     Summ           7%         N/A       28%         3
 Summon Guardian Golem    Hex/Summ       7%         N/A       28%         3
 Flame Wave               Conj/Fire      7%         2d5       67%         4
 Fulminant Prism          Conj/Hex       3%         3d6       67%         4
 Iskenderun's Battlesphe  Conj           7%         2d6       95%         5


Dungeon Overview and Level Annotations

Branches:
Dungeon (6/15)             Temple (0/1) D:5

Altars:
Cheibriados

Shops:
D:6 *


Innate Abilities, Weirdness & Mutations

You have a pair of small horns on your head.
You are surrounded by a mild repulsion field. (EV +2)
You are partially covered in sharp spines.
A meltable shield of frost defends you. (SH +0)


Message History

F - a ring of protection from fire You hear the quick hiss of a distant avalanche of sand.
A steam dragon comes into view.
A steam dragon is nearby!
A steam dragon is nearby!
The steam dragon hisses angrily.
The steam dragon breathes steam at you. The ball of steam hits you!!
Your condensation shield dissipates!
The steam scalds you terribly!
Casting: Ozocubu's Armour (dangerous; 2% risk of failure)
Confirm with . or Enter, or press ? or * to list all spells.
You don't know that spell.
Casting: Ozocubu's Armour (dangerous; 2% risk of failure)
Confirm with . or Enter, or press ? or * to list all spells.
Casting: Frozen Ramparts (dangerous; 2% risk of failure)
Press: ? - help, Dir - look around, f - activate
There is a cloud of steam here.
You feel a surge of power!
The walls around you are covered in ice.
You are engulfed in a cloud of scalding steam.
The wall freezes the steam dragon.
The steam dragon bites you! The steam dragon closely misses you.
Casting: Frozen Ramparts (dangerous; 2% risk of failure)
Confirm with . or Enter, or press ? or * to list all spells.
You feel a surge of power! A film of ice covers your body!
You are engulfed in a cloud of scalding steam.
* * * LOW HITPOINT WARNING * * *
The wall freezes the steam dragon!
The steam dragon bites you.
* * * LOW HITPOINT WARNING * * *
The steam dragon completely misses you. The heat melts your icy armour.
You feel very mighty all of a sudden.
You are engulfed in a cloud of scalding steam.
The wall freezes the steam dragon.
The steam dragon is struck by your spines.
The steam dragon bites you!
* * * LOW HITPOINT WARNING * * *
The steam dragon claws you.
You die...

#.. ##.#.# # ..##
##.#.# #. #..##....#
.# ##........## .#
#..........#
.###..##........ #
.....##...#..... ..
##D..#.##..###....
#.# #@.# #.##.##
##... #..#.## #.#..#
##....
#...####...####.....
#..##........##..#...
#.# ##.[.##....#####.
#.# #...###..## ##
... ##....##.### ##.
###
##..##......####..
##..###..#.........


You could see a steam dragon (catching breath).

Vanquished Creatures
  Pikel (D:5)
  Prince Ribbit (D:5)
  Eustachio (D:5)
  A steam dragon (D:4)
  An ice beast (D:6)
  An ogre (D:4)
  2 black bears
  A lemure (D:5)
  2 phantoms (D:5)
  2 jellies
  A gnoll shaman (D:4)
  An iguana (D:5)
  An orc wizard (D:5)
  12 gnolls
  5 adders
  3 dart slugs (D:3)
  22 orcs
  7 ball pythons
  7 endoplasms
  2 giant cockroaches
  7 goblins
  8 hobgoblins
  4 jackals
  4 quokkas
  5 bats
  7 frilled lizards
  8 kobolds
  2 rats
119 creatures vanquished.

Vanquished Creatures (others)
  A worm (D:4)
1 creature vanquished.

Grand Total: 120 creatures vanquished

Notes
Turn   | Place    | Note
-------+----------+-------------------------------------------
     0 | D:1      | Bruhh the Demonspawn Ice Elementalist began the quest for
                  | the Orb.
     0 | D:1      | Reached XP level 1. HP: 13/13 MP: 3/3
   206 | D:1      | Gained mutation: You are partially covered in sharp spines.
                  | [demonic ancestry]
   206 | D:1      | Reached XP level 2. HP: 16/19 MP: 5/5
   277 | D:1      | Found a faded altar of an unknown god.
  1379 | D:2      | Reached XP level 3. HP: 21/24 MP: 5/7
  1468 | D:2      | Learned a level 3 spell: Frozen Ramparts
  1820 | D:1      | Learned a level 3 spell: Ozocubu's Armour
  2368 | D:2      | Reached XP level 4. HP: 22/30 MP: 5/9
  2856 | D:3      | Got Hocavur's Reference Book on Conjuration
  3662 | D:4      | Noticed a steam dragon
  3875 | D:4      | Noticed a black bear
  3882 | D:4      | Killed a black bear
  3883 | D:4      | Reached skill level 5 in Ice Magic
  3883 | D:4      | Gained mutation: You are surrounded by a mild repulsion
                  | field. (EV +2) [demonic ancestry]
  3883 | D:4      | Reached XP level 5. HP: 35/35 MP: 0/11
  3984 | D:4      | Reached XP level 6. HP: 34/41 MP: 6/13
  4069 | D:4      | Reached skill level 5 in Spellcasting
  4246 | D:4      | Killed a steam dragon
  4356 | D:4      | Gained mutation: A meltable shield of frost defends you.
                  | (SH +0) [demonic ancestry]
  4356 | D:4      | Reached XP level 7. HP: 14/46 MP: 9/16
  4844 | D:5      | Entered Level 5 of the Dungeon
  4844 | D:5      | Found a staircase to the Ecumenical Temple.
  4849 | D:5      | Noticed Prince Ribbit
  4872 | D:5      | Killed Prince Ribbit
  4999 | D:5      | Noticed Pikel
  5014 | D:5      | Killed Pikel
  5015 | D:5      | Gained mutation: You have a pair of small horns on your
                  | head. [demonic ancestry]
  5015 | D:5      | Reached XP level 8. HP: 44/61 MP: 10/18
  5101 | D:5      | Noticed Eustachio
  5116 | D:5      | Killed Eustachio
  5117 | D:5      | Reached skill level 5 in Fighting
  5728 | D:5      | Found a snail-covered altar of Cheibriados.
  5850 | D:6      | Found Xareu's Gadget Gallery.
  6286 | D:6      | Slain by a steam dragon

Illustrated notes

Levels and vault maps discovered:
D:1:      ebering_trefoil_twist, layout_basic,
          hellmonk_ecumenical_altar_run_dry, minmay_heptomino_h4
D:2:      layout_loops_cross
D:3:      layout_loops_ring, kennysheep_generic_room_5
D:4:      minmay_spotlight, layout_rooms
D:5:      layout_basic, mainiacjoe_overflow_alcove_4, minmay_temple_entry_trees,
          uniq_eustachio, uniq_pikel, uniq_prince_ribbit1
D:6:      layout_layer_cave, nicolae_ossuary_entry_plus, serial_shops,
          nicolae_lakefront_shop, nicolae_shop_gadgets

Skill      XL: |  1  2  3  4  5  6  7  8 |
---------------+-------------------------+-----
Spellcasting   | 3 4 6 7 |  7.0
Ice Magic      | 4 5 6 |  6.0
Fighting       | 4 7 |  7.2
Dodging        | |  1.7
Stealth        | |  1.7

Action                   |  1- 3 |  4- 6 |  7- 9 || total
-------------------------+-------+-------+-------++-------
Melee: Dagger            |    58 |     1 |       ||    59
       Unarmed           |     3 |       |       ||     3
       Punch             |     1 |       |     2 ||     3
       Long sword        |       |    11 |    28 ||    39
       Headbutt          |       |       |     2 ||     2
 Cast: Freeze            |    17 |    30 |    27 ||    74
       Frozen Ramparts   |     2 |     7 |     7 ||    16
       Ozocubu's Armour  |       |     4 |     4 ||     8
  Use: Potion            |       |       |     2 ||     2
 Stab: Sleeping          |     3 |       |       ||     3
Armor: Robe              |    12 |    10 |    10 ||    32
Dodge: Dodged            |    44 |    32 |    30 ||   106
Block: Other             |       |       |     7 ||     7

Table legend: (Time is in decaauts)
 A = Elapsed time spent in this place.
 B = Non-inter-level travel time spent in this place.
 C = Inter-level travel time spent in this place.
 D = Time resting spent in this place.
 E = Time spent auto-exploring this place.
 F = Levels seen in this place.
 G = Mean time per level.
                   A        B        C        D        E       F      G
               +--------+--------+--------+--------+--------+-----+--------+
         Total |   6300 |   5872 |    428 |    380 |   4658 |   6 | 1050.0 |
       Dungeon |   6300 |   5872 |    428 |    380 |   4658 |   6 | 1050.0 |
               +--------+--------+--------+--------+--------+-----+--------+

Top non-repeatable levels by time:
     D:1: 1626 daAuts
     D:3: 1188 daAuts
     D:2: 1025 daAuts
     D:4: 1008 daAuts
     D:5: 978 daAuts
     D:6: 474 daAuts
